AoeStats
← Clubmate

Golden Pit

503442846Analyzed
1v1 RM · 1mo ago on Aug 31, 2026· 44m 32s· 2 players
Game mode
Random Map
Map size
Tiny (2 player)
Population
200
Speed
Normal
Resources
Standard
Victory
Conquest
Starting age
Dark Age
Ending age
Imperial Age
RankedLock teamsTeams togetherTeam positionsShared explorationLock speedFull tech treeHidden civsTurbo modeCheats
Victory
Defeat
🇮🇳 Dravidians · India
1119
+15
🇸🇪 Dravidians · Sweden
1104
-15
Clubmate
4:04 Loom
11:15 Feudal Age
12:33 Horse Collar
12:55 Double-Bit Axe
16:26 Town Watch
17:20 Fletching
23:25 Padded Archer Armor
25:35 Castle Age
26:47 Scale Barding Armor
28:21 Chain Barding Armor
33:05 Wheelbarrow
35:12 Forging
38:09 Bodkin Arrow
38:56 Elite Skirmisher
39:44 Stone Mining
39:46 Gold Mining
suryav1895
7:12 Loom
9:31 Feudal Age
10:06 Man-at-Arms
12:22 Arson
12:56 Double-Bit Axe
21:41 Castle Age
20:14 Fletching
20:29 Horse Collar
21:30 Scale Mail Armor
21:31 Padded Archer Armor
22:21 Long Swordsman
22:47 Gambesons
24:29 Bodkin Arrow
25:08 Town Watch
25:55 Squires
26:12 Chain Mail Armor
31:15 Wheelbarrow
31:15 Forging
30:50 Pikeman
34:36 Iron Casting
40:38 Gold Mining
40:39 Stone Mining
44:21 Imperial Age
44:08 Scale Barding Armor
44:25 Two-Handed Swordsman
44:25 Halberdier
Connection lost

Rejoining the realm…

Still unreachable

The connection could not be restored.

Session expired

The server has moved on; the page needs a fresh start.